 Dungeon Crawl Stone Soup version 0.32-a0-713-gb3796b0 (webtiles) character file.

Game seed: 12343014076696193939

227 PidgeyThePirate the Shooter (level 6, -5/47 HPs)
             Began as a Coglin Hunter on Mar 15, 2024.
             Slain by Prince Ribbit (7 damage)
             ... on level 6 of the Dungeon.
             The game lasted 00:04:33 (2392 turns).

PidgeyThePirate the Shooter (Coglin Hunter)         Turns: 2392, Time: 00:04:33

Health: -5/47      AC:  6    Str: 14    XL:     6   Next: 2%
Magic:  6/6        EV: 11    Int:  5    God:
Gold:   140        SH:  0    Dex: 20    Spells: 5/5 levels left

rFire   + . .        a - +2 sling {Chiraphon}
rCold   + . .        d - +0 sling {Centenhua}
rNeg    . . .        c - +0 leather armour
rPois   +            r - +1 hat
rElec   +            m - +1 cloak "Ashih" {Rampage Will+ Int-3 Dex+3}
rCorr   +            (no gloves)
SInv    .            (no boots)
Will    +....        (amulet unavailable)
Stlth   ++           (ring unavailable)
HPRegen 0.27/turn    (ring unavailable)
MPRegen 0.10/turn    (no gizmo)

%: rampage
@: about to teleport, resistant
A: off-hand wielding, slow wielding, warmup strikes, no jewellery
a: Invent Gizmo


You were on level 6 of the Dungeon.
You visited 1 branch of the dungeon, and saw 5 of its levels.

You collected 140 gold pieces.

Inventory:

Hand Weapons
 a - a +2 sling (weapon) {Chiraphon}
 d - a +0 sling (offhand) {Centenhua}
Missiles
 u - a throwing net
Armour
 c - a +0 leather armour (worn)
 i - a +0 cloak
 m - the +1 cloak "Ashih" (worn) {Rampage Will+ Int-3 Dex+3}
   (You found it on level 2 of the Dungeon)

   Int-3:     It affects your intelligence (-3).
   Dex+3:     It affects your dexterity (+3).
   Will+:     It increases your willpower.
   Rampage:   It bestows one free step when moving towards enemies.
 r - a +1 hat (worn)
Wands
 x - a wand of charming (7)
Scrolls
 b - a scroll of butterflies
 h - a scroll of enchant weapon {unknown}
 j - a scroll of torment {unknown}
 n - a scroll of teleportation
 o - a scroll of brand weapon {unknown}
 v - a scroll of blinking {unknown}
 w - a scroll of poison
Potions
 e - 2 potions of attraction {unknown}
 f - a potion of haste {unknown}
 g - 2 potions of might {unknown}
 k - a potion of invisibility {unknown}
 p - 2 potions of lignification {unknown}
 q - a potion of mutation {unknown}
 s - a potion of degeneration {unknown}
 t - 2 potions of resistance


   Skills:
 + Level 3.1 Fighting
 + Level 5.3 Ranged Weapons
 + Level 1.5 Armour
 + Level 2.3 Dodging
 + Level 0.7 Stealth


You had 5 spell levels left.
You didn't know any spells.
Your spell library contained the following spells:

 Spells                   Type           Power      Damage    Failure   Level
 Shock                    Conj/Air       0%         1d3       54%         1
 Swiftness                Air            0%         N/A       89%         3
 Volatile Blastmotes      Fire/Tloc      0%         2d10      89%         3
 Airstrike                Air            0%         2d(0-16)  100%        4
 Fulminant Prism          Conj/Alch      0%         3d5       100%        4
 Iskenderun's Mystic Bla  Conj/Tloc      0%         2d3       100%        4


Dungeon Overview and Level Annotations

Branches:
Dungeon (4/15)
 Temple: D:4-7

Altars:
Gozag
Hepliaklqana
Sif Muna

Annotations:
D:3 3 runed translucent doors, december12's ghost, amateur BaMo
D:6 Prince Ribbit


Innate Abilities, Weirdness & Mutations

You can wield a second weapon in your off-hand.
It takes a long time for you to wield or remove held weapons.
Your first few attacks do less damage.
You cannot equip rings or amulets.


Message History

Fire: a) +2 sling {Chiraphon}
Press: ? - help, Q - select action, (/) - cycle Shift-Dir - straight line, f/p - iguana
Aim: an iguana (almost dead, 69% to hit)
You shoot a sling bullet.
The sling bullet hits the iguana but does no damage.
The iguana is almost dead.
You shoot a sling bullet. The sling bullet hits the iguana.
You kill the iguana!
Your Fighting skill increases to level 3!
You have reached level 6!
You see here an iguana corpse.
An ice beast is nearby!
A steam dragon comes into view.
The steam dragon hisses angrily.
The steam dragon breathes steam at you. The ball of steam misses you.
Prince Ribbit comes into view.
Prince Ribbit gives a loud, deep croak!
The steam dragon breathes steam at you. The ball of steam hits you!
The steam dragon breathes steam at you. The ball of steam hits you.
You hear a shout!
You are engulfed in a cloud of scalding steam.
As you read the scroll labelled ISTECA AKEAW, it crumbles to dust.
It is a scroll of identify.
n - 2 scrolls of teleportation
As you read the scroll of identify, it crumbles to dust.
w - a scroll of poison
As you read the scroll of teleportation, it crumbles to dust.
You feel strangely unstable.
Prince Ribbit catches a millipede with his tongue.
Prince Ribbit closely misses you. Prince Ribbit hits you!
* * * LOW HITPOINT WARNING * * *
It was a potion of resistance.
You feel protected. Prince Ribbit hits you!
You die...

..##..#########.#
............##..#
................#
............###.#
..######.§### #.#
##F## #.#
#.D####.####
##§#.......#
#§#DF@....#
#.........#
###.......#
#.......#
#########


You could see Prince Ribbit and a steam dragon.

Vanquished Creatures
  2 iguanas
  4 gnolls (D:3)
  7 adders
  3 dart slugs
  A ribbon worm (D:2)
  6 endoplasms
  4 giant cockroaches
  5 goblins
  5 hobgoblins
  2 jackals (D:1)
  4 quokkas
  6 ball pythons
  3 bats
  3 frilled lizards
  11 kobolds
  A rat (D:3)
67 creatures vanquished.

Notes
Turn   | Place    | Note
-------+----------+-------------------------------------------
     0 | D:1      | PidgeyThePirate the Coglin Hunter began the quest for the
                  | Orb.
     0 | D:1      | Reached XP level 1. HP: 16/16 MP: 1/1
   125 | D:1      | Reached XP level 2. HP: 22/22 MP: 2/2
   131 | D:1      | Reached skill level 4 in Ranged Weapons
   154 | D:1      | Found a faded altar of an unknown god.
   735 | D:2      | Reached XP level 3. HP: 27/27 MP: 3/3
   784 | D:2      | Identified the +1 cloak "Ashih" {Rampage Will+ Int-3 Dex+3}
  1416 | D:3      | Found a hazy altar of Hepliaklqana.
  1439 | D:3      | Reached XP level 4. HP: 34/34 MP: 4/4
  1520 | D:3      | Reached skill level 5 in Ranged Weapons
  1652 | D:3      | Reached XP level 5. HP: 39/39 MP: 5/5
  1657 | D:3      | Found a shimmering blue altar of Sif Muna.
  1685 | D:3      | Found a runed translucent gate.
  1685 | D:3      | Found a runed translucent gate.
  1685 | D:3      | Found a runed translucent gate.
  1686 | D:3      | Found an opulent altar of Gozag.
  1687 | D:3      | Noticed december12's ghost (amateur BaMo)
  2198 | D:4      | Reached skill level 1 in Armour
  2260 | D:4      | You fall into a shaft and drop 2 floors!
  2267 | D:6      | Noticed an ice beast
  2288 | D:6      | Reached XP level 6. HP: 13/47 MP: 6/6
  2367 | D:6      | Noticed a steam dragon
  2377 | D:6      | Noticed Prince Ribbit
  2391 | D:6      | HP: 2/47 [Prince Ribbit (15)]
  2392 | D:6      | Slain by Prince Ribbit

Illustrated notes

Levels and vault maps discovered:
D:1:      psy_arrival_dodecagon, layout_basic,
          hellmonk_ecumenical_altar_heavens_door, hex_intersection
D:2:      layout_basic
D:3:      layout_basic, mainiacjoe_overflow_surrounded_room,
          mainiacjoe_overflow_cross_hatched, ebering_ghost_gozag,
          serial_bayou_pond_d, nicolae_half_adder
D:4:      layout_loops_ring, fedhas_altar_1, uniq_eustachio
D:6:      layout_rooms, tso_altar, uniq_prince_ribbit1, uniq_pikel, uniq_sigmund

Skill      XL: |  1  2  3  4  5 |
---------------+----------------+-----
Ranged Weapons | 4 5 |  5.3
Dodging        | 2 |  2.3
Armour         | 1 |  1.5
Fighting       | 3 |  3.1
Stealth        | |  0.7

Action                     |  1- 3 |  4- 6 || total
---------------------------+-------+-------++-------
   Fire: Sling             |   160 |   172 ||   332
    Use: Scroll            |       |     3 ||     3
         Potion            |       |     1 ||     1
 Armour: Leather armour    |     9 |    25 ||    34
  Dodge: Dodged            |     6 |    22 ||    28

Table legend: (Time is in decaauts)
 A = Elapsed time spent in this place.
 B = Non-inter-level travel time spent in this place.
 C = Inter-level travel time spent in this place.
 D = Time resting spent in this place.
 E = Time spent auto-exploring this place.
 F = Levels seen in this place.
 G = Mean time per level.
                   A        B        C        D        E       F      G
               +--------+--------+--------+--------+--------+-----+--------+
         Total |   2426 |   2295 |    131 |      0 |   1869 |   5 |  485.2 |
       Dungeon |   2426 |   2295 |    131 |      0 |   1869 |   5 |  485.2 |
               +--------+--------+--------+--------+--------+-----+--------+

Top non-repeatable levels by time:
     D:3: 818 daAuts
     D:1: 741 daAuts
     D:2: 662 daAuts
     D:6: 133 daAuts
     D:4: 71 daAuts
